 Dungeon Crawl Stone Soup version 0.19-a0-1937-g70ed36a (webtiles) character file.

413 hairmachine the Cleaver (level 6, -7/52 HPs)
             Began as a Hill Orc Abyssal Knight on Oct 26, 2016.
             Was a Follower of Lugonu.
             Mangled by an ice beast (10 damage)
             ... on level 5 of the Dungeon.
             The game lasted 00:11:29 (5503 turns).

hairmachine the Cleaver (Hill Orc Abyssal Knight)   Turns: 5503, Time: 00:11:31

Health: -7/52      AC: 11    Str: 17    XL:     6   Next: 91%
Magic:  7/7        EV:  5    Int: 12    God:    Lugonu [*.....]
Gold:   210        SH:  0    Dex: 10    Spells: 0 memorised, 5 levels left

rFire  . . .     SeeInvis .     a - +1 hand axe
rCold  . . .     Gourm    .     n - +0 plate armour (curse)
rNeg   . . .     Faith    .     (no shield)
rPois  .         Spirit   .     (no helmet)
rElec  .         Reflect  .     (no cloak)
rCorr  .         Harm     .     (no gloves)
MR     .....                    (no boots)
Stlth  ..........               (no amulet)
                                (no ring)
                                (no ring)

@: about to teleport
A: no striking features
a: Depart the Abyss, Renounce Religion, Convert to Beogh


You were on level 5 of the Dungeon.
You worshipped Lugonu.
Lugonu was aware of your devotion.
You were near starving.

You visited 1 branch of the dungeon, and saw 5 of its levels.
You visited the Abyss 1 time.

You collected 210 gold pieces.


   Skills:
 + Level 4.3 Fighting
 + Level 8.6 Axes
 + Level 3.1 Armour
 - Level 0.7 Dodging
 - Level 2.4 Invocations


You had 5 spell levels left.
You didn't know any spells.

Inventory:

Hand Weapons
 a - a +1 hand axe (weapon)
Armour
 b - a +0 leather armour
 n - a cursed +0 plate armour (worn)
   (You found it on level 3 of the Dungeon)
 A - a +0 helmet
   (You found it on level 4 of the Dungeon)
Wands
 w - a wand of iceblast (6/15)
   (You found it on level 4 of the Dungeon)
 T - a wand of teleportation (3/9) {!d}
   (You found it on level 2 of the Dungeon)
Scrolls
 e - 2 scrolls of recharging {!r}
 g - 2 scrolls of blinking {!r, unknown}
 h - 2 scrolls of remove curse {!r, unknown}
 i - a scroll of enchant armour {!r, unknown}
 j - 3 scrolls of amnesia {!r, unknown}
 l - 3 scrolls of teleportation {!r, unknown}
 o - a scroll of noise {!r, unknown}
 p - 2 scrolls of enchant weapon {!r, unknown}
 q - 2 scrolls of identify {!r}
 t - a scroll of fog {!r, unknown}
 v - a scroll of magic mapping {!r, unknown}
 y - a scroll of immolation {!r, unknown}
Potions
 f - 2 potions of mutation {!q}
 k - a potion of brilliance {!q}
 m - a potion of curing {!q}
 s - a potion of resistance {!q, unknown}
Comestibles
 c - 4 bread rations
 d - 2 meat rations
 r - 2 beef jerkies

Dungeon Overview and Level Annotations

Branches:
Dungeon (5/15)
 Temple: D:4-7

Altars:
Hepliaklqana
Xom

. #..o##Y#.# # ..
#..o##@#.# #
...#......#)# .
..........>..########
#
#.####.#............#
# #..............# #
#..##..........# #
#..##..........# ##
#...............# ...
#...............# ...
#....?..........# ...
#.....$.........# ...
##'###..o.......# ...
#. ..... ... #. ##...
...


You could see an ice beast and an orc priest.


Message History

The orc priest shouts!
Unknown command.
The orc priest calls down the wrath of Beogh upon you.
Beogh smites you!
Huge Dmg: -26%(-14hp) hp: 74%(38hp)
There is an open door here.
You close the door.
Unknown command.
You start resting.
Something unseen opens the door.
You hit the orc but do no damage. The orc barely misses you.
You hit the orc but do no damage.
The orc priest shouts, "Beogh is our master!
Accept the truth or die!"
The orc closely misses you.
You hit the orc but do no damage. The orc hits you but does no damage.
Your plate armour prevents you from hitting the orc.
The orc priest shouts, "Beogh is our master!
Accept the truth or die!"
You hit the orc but do no damage. The orc barely misses you.
Your plate armour prevents you from hitting the orc.
The orc hits you but does no damage.
You closely miss the orc. You hit the orc but do no damage.
The orc hits you but does no damage.
You hit the orc.
The orc is heavily wounded.
The orc priest threatens, "By the altar or by the axe, you will meet Beogh!"
The orc hits you with a mace.
Damage: -2%(-1hp) hp: 79%(41hp)
You hit the orc.
The orc is severely wounded.
The orc hits you but does no damage.
The orc priest calls upon Beogh to heal the orc.
The orc is healed somewhat.
You hit the orc but do no damage.
The orc is lightly wounded.
You barely miss the orc.
The orc is lightly wounded.
The orc hits you but does no damage.
You hit the orc but do no damage.
The orc is lightly wounded.
The orc barely misses you.
You closely miss the orc.
The orc is lightly wounded.
You hit the orc but do no damage.
The orc is lightly wounded.
The orc hits you but does no damage.
The orc priest casts a cantrip, but nothing happens.
You are near starving!
You hit the orc but do no damage.
The orc is lightly wounded.
The orc hits you with a mace.
Damage: -2%(-1hp) hp: 79%(41hp)
You hit the orc.
The orc is heavily wounded.
The orc hits you but does no damage.
You hit the orc.
The orc is severely wounded.
Your plate armour prevents you from hitting the orc.
The orc is severely wounded.
The orc barely misses you.
You hit the orc but do no damage.
The orc is severely wounded.
The orc hits you but does no damage.
Your plate armour prevents you from hitting the orc.
The orc is severely wounded.
The orc priest shouts, "Surrender to Beogh and we'll let you live!"
The orc completely misses you.
You hit the orc.
The orc is almost dead.
The orc priest shouts, "Beogh is our master!
Accept the truth or die!"
You closely miss the orc.
The orc is almost dead.
The orc hits you with a mace.
Damage: -6%(-3hp) hp: 75%(39hp)
You hit the orc.
You kill the orc!
The orc priest shouts, "Beogh is our master!
Accept the truth or die!"
You hit the ice beast but do no damage. The ice beast hits you.
* * * LOW HITPOINT WARNING * * *
The ice beast freezes you!
* * * LOW HITPOINT WARNING * * *
Huge Dmg: -26%(-14hp) hp: 49%(25hp)
The orc priest calls down the wrath of Beogh upon you.
Beogh smites you!
* * * LOW HITPOINT WARNING * * *
Huge Dmg: -20%(-10hp) hp: 29%(15hp) There's nothing to close nearby.
Evoke which item? (* to show all) (? for menu, Esc to quit)
Okay, then.
Evoke which item? (* to show all) (? for menu, Esc to quit)
Zapping:
T - a wand of teleportation (4/9) {!d}
Press: ? - help, Shift-Dir - straight line, f - you You feel strangely unstable.
This wand has 3 charges left.
The orc priest mumbles some strange prayers to Beogh against you.
Beogh smites you!
* * * LOW HITPOINT WARNING * * *
The ice beast hits you.
* * * LOW HITPOINT WARNING * * *
The ice beast freezes you!
You die...

Vault maps used:
D:1:      arrival_zaba_pyramid
D:2:      first_bread, xom_teletrap_fun
D:3:      serial_undead, serial_undead_a, serial_undead_d, serial_undead_b,
          serial_undead_a, uniq_jessica, uniq_iyjb
D:4:      marbit_many_paths
D:5:      nrook_mini_backslash, uniq_edmund, uniq_sigmund

Notes
Turn   | Place    | Note
-------+----------+-------------------------------------------
     0 | Abyss:1  | hairmachine the Hill Orc Abyssal Knight began the quest for the Orb.
     0 | Abyss:1  | Reached XP level 1. HP: 19/19 MP: 2/2
    59 | Abyss:1  | Noticed a tentacled starspawn
    77 | D:1      | Escaped the Abyss
   239 | D:1      | Reached skill level 3 in Axes
   484 | D:1      | Reached XP level 2. HP: 26/26 MP: 3/3
   672 | D:1      | Reached skill level 4 in Axes
   826 | D:1      | Reached * piety under Lugonu
   912 | D:2      | Reached XP level 3. HP: 24/31 MP: 4/4
  1131 | D:2      | Found a shimmering altar of Xom.
  1387 | D:2      | Reached skill level 5 in Axes
  2345 | D:3      | Reached XP level 4. HP: 29/39 MP: 5/5
  2728 | D:3      | Noticed Jessica
  2749 | D:3      | Reached skill level 6 in Axes
  2895 | D:3      | Killed Jessica
  3055 | D:3      | Reached XP level 5. HP: 45/45 MP: 6/6
  3073 | D:3      | Noticed Ijyb
  3095 | D:3      | Killed Ijyb
  3129 | D:3      | Reached skill level 7 in Axes
  3943 | D:4      | Reached skill level 8 in Axes
  3943 | D:4      | Reached XP level 6. HP: 47/51 MP: 7/7
  4787 | D:4      | Found a hazy altar of Hepliaklqana.
  4857 | D:5      | Entered Level 5 of the Dungeon
  4859 | D:5      | Noticed an ice beast
  5503 | D:5      | Mangled by an ice beast

Vanquished Creatures
  A howler monkey (D:4)
  An orc priest (D:5)
  2 hounds (D:4)
  A bullfrog skeleton (D:4)
  Jessica (D:3)
  Ijyb (D:3)
  2 iguanas (D:4)
  A hound skeleton (D:3)
  A hound zombie (D:3)
  A worker ant zombie (D:5)
  5 adders
  An ooze (D:1)
  3 adder skeletons (D:3)
  An adder zombie (D:3)
  2 dart slugs (D:1)
  4 leopard geckos
  2 orcs
  2 ball pythons
  A giant cockroach (D:4)
  5 goblins
  4 hobgoblins
  3 jackals (D:2)
  5 kobolds
  2 bats (D:1)
  2 frilled lizards
  A leopard gecko skeleton (D:3)
  A leopard gecko zombie (D:3)
  2 quokka skeletons
  4 rats
62 creatures vanquished.

Action                   |  1- 3 |  4- 6 || total
-------------------------+-------+-------++-------
Melee: Hand axe          |   108 |   286 ||   394
Invok: Depart the Abyss  |     1 |       ||     1
Evoke: Wand              |       |     4 ||     4
  Use: Scroll            |     4 |     2 ||     6
       Potion            |       |     6 ||     6
 Stab: Invisible         |       |     2 ||     2
  Eat: Chunk             |     4 |     8 ||    12
       Pizza             |       |     1 ||     1
Armor: Leather armour    |    28 |       ||    28
       Plate armour      |       |   149 ||   149
Dodge: Dodged            |    72 |    69 ||   141

Skill      XL: |  1  2  3  4  5  6 |
---------------+-------------------+-----
Axes           | 3 4 5 6 8 |  8.6
Fighting       | 4 |  4.3
Armour         | 3 |  3.1
Dodging        | |  0.7
Invocations    | |  2.4
